 Dungeon Crawl Stone Soup version 0.18.1-50-g88ac8fd (webtiles) character file.

3159 Gianozzolo the Transmogrifier (level 9, -7/64 HPs)
             Began as a White Draconian Transmuter on Nov 27, 2017.
             Was a Believer of Makhleb.
             Killed from afar by an electric eel (12 damage)
             ... with a bolt of electricity
             ... on level 7 of the Dungeon.
             The game lasted 00:15:22 (7485 turns).

Gianozzolo the Transmogrifier (DrTm)                Turns: 7485, Time: 00:15:23

Health: -7/64      AC:  8    Str: 12    XL:     9   Next: 62%
Magic:  15/15      EV: 14    Int: 17    God:    Makhleb [**....]
Gold:   349        SH:  0    Dex: 12    Spells: 3 memorised, 5 levels left

rFire  . . .     SeeInvis .       - Unarmed
rCold  + . .     Gourm    .     (armour unavailable)
rNeg   . . .     Faith    .     (no shield)
rPois  .         Spirit   .     (helmet restricted)
rElec  .         Dismiss  .     (no cloak)
rCorr  .         Reflect  .     x - +0 pair of gloves
SustAt .         Harm     .     (no boots)
MR     .....                    (no amulet)
Stlth  +.........               i - +2 ring of evasion
                                d - ring of stealth

@: not resistant to hostile enchantments, very unstealthy
A: breathe frost, unfitting armour, cold resistance 1, cold-blooded, AC +7
a: Breathe Frost, Minor Destruction, Renounce Religion


You were on level 7 of the Dungeon.
You worshipped Makhleb.
Makhleb was pleased with you.
You were not hungry.

You visited 2 branches of the dungeon, and saw 8 of its levels.
You also visited: Ossuary.

You collected 349 gold pieces.

Inventory:

Armour
 x - a +0 pair of gloves (worn)
Jewellery
 d - a ring of stealth (left hand)
 i - a +2 ring of evasion (right hand)
Scrolls
 e - a scroll of magic mapping {unknown}
 f - 2 scrolls of teleportation
 g - a scroll of fear {unknown}
 k - 3 scrolls of remove curse
 m - a scroll of blinking {unknown}
 q - a scroll of identify
 y - a scroll of amnesia
 A - 2 scrolls of immolation {unknown}
 C - a scroll of enchant weapon {unknown}
 D - 2 scrolls of recharging {unknown}
Potions
 j - 4 potions of invisibility {unknown}
 l - 2 potions of agility {unknown}
 n - 3 potions of lignification
 o - 4 potions of flight
 r - 3 potions of brilliance
 s - 3 potions of ambrosia
 t - 2 potions of magic
 v - 5 potions of curing
 w - a potion of berserk rage {unknown}
 z - 3 potions of cure mutation
 B - 3 potions of might
 E - a potion of beneficial mutation {unknown}
 F - 3 potions of cancellation
Books
 b - a book of Changes

   Spells                             Type                      Level
   a - Beastly Appendage              Transmutation                1
   b - Sticks to Snakes               Transmutation                2
   c - Spider Form                    Transmutation/Poison         3
   d - Ice Form                       Ice/Transmutation            4
   e - Blade Hands                    Transmutation                5
Comestibles
 a - a beef jerky
 c - 2 bread rations
 h - 2 meat rations
 G - a royal jelly


   Skills:
 - Level 1.1 Fighting
 - Level 1.7 Dodging
 * Level 9.2 Unarmed Combat
 + Level 4.6 Spellcasting
 + Level 9.3 Transmutations
 - Level 2.0 Poison Magic


You had 5 spell levels left.
You knew the following spells:

 Your Spells              Type           Power        Failure   Level  Hunger
a - Ice Form              Ice/Trmt       ###.....     24%         4    ####...
b - Spider Form           Trmt/Pois      ###.......   6%          3    ###....
c - Blade Hands           Trmt           #####.....   10%         5    ######.


Dungeon Overview and Level Annotations

Branches:
Dungeon (7/15)             Temple (1/1) D:4

Altars:
Ashenzari
Cheibriados
Dithmenos
Elyvilon
Fedhas
Gozag
Kikubaaqudgha
Makhleb
Nemelex Xobeh
Okawaru
Pakellas
Qazlal
Ru
Sif Muna
Vehumet
Xom
Yredelemnul


Innate Abilities, Weirdness & Mutations

You can breathe waves of freezing cold.
You can buffet flying creatures when you breathe cold.
Your icy white scales are hard (AC +7).
Your body does not fit into most forms of armour.
Your flesh is cold resistant.
You are cold-blooded and may be slowed by cold attacks.


Message History

The bolt of electricity hits the plant.
The bolt of electricity hits you!
The electric eel shoots out a bolt of lightning at you!
The bolt of electricity hits the plant.
The bolt of electricity hits you!
The electric eel shoots out a bolt of lightning at you!
The bolt of electricity hits the plant.
The bolt of electricity hits you!
* * * LOW HITPOINT WARNING * * *
The electric eel shoots out a bolt of lightning at you!
The bolt of electricity hits the plant.
The plant is destroyed!
The bolt of electricity hits you!
* * * LOW HITPOINT WARNING * * *
Read which item? (? for menu, Esc to quit)
As you read the scroll of fog, it crumbles to dust.
The scroll dissolves into smoke.
You enter the shallow water.
Moving in this stuff is going to be slow.
Your unstable footing causes you to fumble your attack.
The electric eel shoots out a bolt of lightning at you!
The bolt of electricity hits you!
You die...

###### #### ##..≈≈♣#
...# ###..♣♣♣≈♣### ##)#
#...≈♣≈≈≈♣♣≈##
#)######.≈≈≈≈≈≈≈P♣P≈###
#.÷...##.♣≈≈≈≈≈@P≈≈≈o.#
#####....♣♣≈≈≈≈≈≈≈≈P≈.#
#.##≈♣≈≈≈≈≈P≈≈≈♣≈.#
#...≈≈P♣≈≈≈≈♣≈P≈♣.##
#.#.≈♣♣P≈≈≈≈P≈≈♣♣..#
#.##♣P≈≈≈≈≈≈≈♣≈P♣♣.#
#.# ♣≈P≈≈≈≈≈≈≈≈≈♣♣§#
#.# ≈P≈≈≈≈≈≈≈≈;≈♣§.#
#.# P≈≈≈≈≈≈≈ ≈≈♣§§#


You could see an electric eel and an orc.

Vanquished Creatures
  The ghost of Gianozzolo the Transmogrifier, a novice NaTm of Cheibriados (D:7)
  Pikel (D:6)
  Sigmund (D:3)
  A hungry ghost (D:7)
  An ice beast (D:5)
  A phantom (D:4)
  An orc warrior (D:7)
  3 ogres
  A centaur (D:6)
  A giant frog (D:6)
  An electric eel (D:7)
  2 giant frog zombies
  2 centaur zombies (Ossuary)
  5 hounds
  4 orc priests
  A giant frog skeleton (D:6)
  Jessica (D:2)
  An iguana (D:5)
  6 orc wizards
  9 worker ants
  A big kobold zombie (Ossuary)
  3 mummies (Ossuary)
  3 gnolls (D:4)
  10 adders
  2 river rats (D:4)
  A worm (D:4)
  A dart slug (D:1)
  5 giant geckos
  21 orcs
  11 giant cockroaches
  A gnoll zombie (Ossuary)
  7 goblins
  5 hobgoblins
  7 jackals
  3 quokkas
  3 ball pythons
  5 bats
  A giant cockroach zombie (D:6)
  A giant gecko skeleton (D:4)
  6 giant newts
  2 goblin zombies (Ossuary)
  A hobgoblin zombie (Ossuary)
  A jackal skeleton (D:5)
  15 kobolds
  An orc zombie (Ossuary)
  A quokka zombie (D:7)
  11 rats
173 creatures vanquished.

Vanquished Creatures (others)
  An ice beast (D:6)
  A quasit (D:6)
  An orc (D:6)
  A plant (D:7)
4 creatures vanquished.

Grand Total: 177 creatures vanquished

Notes
Turn   | Place    | Note
--------------------------------------------------------------
     0 | D:1      | Gianozzolo the Draconian Transmuter began the quest for the Orb.
     0 | D:1      | Reached XP level 1. HP: 16/16 MP: 3/3
   281 | D:1      | Reached XP level 2. HP: 20/23 MP: 3/5
   703 | D:1      | Reached XP level 3. HP: 24/28 MP: 6/6
   708 | D:1      | Learned a level 3 spell: Spider Form
  1156 | D:2      | Noticed Jessica
  1161 | D:2      | Killed Jessica
  1328 | D:2      | Reached XP level 4. HP: 31/35 MP: 0/7
  2144 | D:3      | Noticed Sigmund
  2159 | D:3      | Killed Sigmund
  2159 | D:3      | Reached skill level 5 in Transmutations
  2159 | D:3      | Reached XP level 5. HP: 33/40 MP: 5/8
  2159 | D:3      | Reached XP level 6. HP: 39/47 MP: 5/9
  2352 | D:3      | Found an opulent altar of Gozag.
  2399 | D:3      | Found a shimmering altar of Xom.
  2794 | D:3      | Learned a level 5 spell: Blade Hands
  2988 | D:4      | Found a sand-covered staircase.
  2992 | Ossuary  | Entered an ossuary
  3343 | Ossuary  | Reached skill level 5 in Unarmed Combat
  3360 | Ossuary  | Your scales start taking on an icy white colour.
  3360 | Ossuary  | Reached XP level 7. HP: 31/52 MP: 10/10
  3360 | Ossuary  | Gained mutation: Your flesh is cold resistant. [White Draconian growth]
  3678 | D:4      | Found a staircase to the Ecumenical Temple.
  4478 | D:5      | Entered Level 5 of the Dungeon
  4607 | Temple   | Entered the Ecumenical Temple
  4709 | Temple   | Became a worshipper of Makhleb the Destroyer
  5201 | D:5      | Reached XP level 8. HP: 59/59 MP: 7/11
  5341 | D:5      | Reached * piety under Makhleb
  5781 | D:5      | Found an ancient bone altar of Kikubaaqudgha.
  5895 | D:6      | Noticed Pikel
  5915 | D:6      | Killed Pikel
  6087 | D:6      | Reached XP level 9. HP: 50/64 MP: 13/13
  6277 | D:6      | Learned a level 4 spell: Ice Form
  6673 | D:6      | Reached ** piety under Makhleb
  6945 | D:7      | Noticed Gianozzolo's ghost (novice NaTm)
  7044 | D:7      | Killed Gianozzolo's ghost
  7470 | D:7      | HP: 2/64 [electric eel/bolt of electricity (10)]
  7485 | D:7      | Killed from afar by an electric eel

Skill      XL: |  1  2  3  4  5  6  7  8  9 |
---------------+----------------------------+-----
Transmutations | 3 5 6 7 8 9 |  9.3
Unarmed Combat | 4 5 6 7 9 |  9.2
Poison Magic   | 2 |  2.0
Spellcasting   | 3 4 |  4.6
Fighting       | |  1.1
Dodging        | |  1.7

Action                   |  1- 3 |  4- 6 |  7- 9 || total
-------------------------+-------+-------+-------++-------
Melee: Unarmed           |   114 |   212 |   380 ||   706
       Tailslap          |    16 |    11 |    24 ||    51
       Headbutt          |     2 |    12 |    10 ||    24
       Kick              |     8 |     7 |     4 ||    19
       Punch             |     1 |       |     3 ||     4
 Cast: Beastly Appendage |    14 |    12 |     7 ||    33
       Spider Form       |     1 |    10 |    14 ||    25
       Blade Hands       |       |       |     3 ||     3
 Abil: Breathe Frost     |       |       |     8 ||     8
  Use: Scroll            |       |       |    16 ||    16
 Stab: Sleeping          |     5 |     8 |     6 ||    19
  Eat: Chunk             |     2 |     7 |    14 ||    23
       Beef jerky        |       |       |     2 ||     2
       Bread ration      |       |       |     1 ||     1
Armor: Skin              |    26 |    26 |    67 ||   119
Dodge: Dodged            |    62 |   118 |   257 ||   437
